 Dungeon Crawl Stone Soup version 0.23.0 (webtiles) character file.

Game seed: 10603745924870545005

133 Borgoz the Skirmisher (level 5, -3/46 (47) HPs)
             Began as a Ghoul Monk on Feb 17, 2019.
             Killed from afar by an orc wizard (7 damage)
             ... with a magic dart
             ... on level 3 of the Dungeon.
             The game lasted 00:01:52 (1381 turns).

Borgoz the Skirmisher (Ghoul Monk)                  Turns: 1381, Time: 00:01:53

HP:   -3/46 (47)    AC:  2    Str: 15    XL:     5   Next: 16%
MP:   4/4           EV: 13    Int:  6    God:
Gold: 71            SH:  0    Dex: 11    Spells: 4/4 levels left

rFire    . . .     SeeInvis .     - Unarmed
rCold    + . .     Gourm    .   (no shield)
rNeg     + + +     Faith    .   a - +0 robe
rPois    ∞         Spirit   .   (no helmet)
rElec    .         Reflect  .   (no cloak)
rCorr    .         Harm     .   (no gloves)
MR       .....                  (no boots)
Stlth    ++........             (no amulet)
HPRegen  0.00/turn              (no ring)
MPRegen  0.09/turn              (no ring)

@: rotting
A: rotting body, claws 1, carnivore, cold resistance 1, negative energy
resistance 3, inhibited regeneration, torment resistance, unbreathing
a: no special abilities


You were on level 3 of the Dungeon.
You were not hungry.

You visited 1 branch of the dungeon, and saw 3 of its levels.

You collected 71 gold pieces.

Inventory:

Armour
 a - a +0 robe (worn)
Wands
 h - a wand of acid (9)
Scrolls
 c - 3 scrolls of identify {unknown}
 e - a scroll of enchant armour {unknown}
 f - a scroll of random uselessness {unknown}
Potions
 d - a potion of curing {unknown}
 g - a potion of cancellation {unknown}
Comestibles
 b - 4 rations


   Skills:
 + Level 4.5 Fighting
 + Level 3.7 Dodging
 - Level 2.1 Stealth
 + Level 4.4 Unarmed Combat


You had 4 spell levels left.
You didn't know any spells.
Your spell library was empty.

Dungeon Overview and Level Annotations

Branches:
Dungeon (3/15)

Altars:
Makhleb
Trog
Xom


Innate Abilities, Weirdness & Mutations

Your body is rotting away.
You thrive on raw meat.
You are immune to poison.
You have sharp fingernails.
You are carnivorous and can eat meat at any time.
Your flesh is cold resistant. (rC+)
You are immune to negative energy. (rN+++)
You do not regenerate when monsters are visible.
You are immune to unholy pain and torment.
You can survive without breathing.


Message History

The orc wizard seems to speed up.
The orc hits you with a +1 mace of holy wrath.
You convulse.
You scratch the orc wizard but do no damage.
The orc hits you with a +1 mace of holy wrath.
You convulse!
The orc wizard casts a spell.
The orc wizard blinks!
You are too injured to fight recklessly!
You are too injured to fight recklessly!
You are too injured to fight recklessly!
Unknown command.
You are too injured to fight recklessly!
The orc wizard hits you but does no damage.
The orc wizard gestures at you while chanting.
The magic dart hits you!
* * * LOW HITPOINT WARNING * * *
The orc wizard casts a spell at you. The magic dart hits you!
You die...

##<##.[.#..#
...........# #..
#.##...##.# #.#
#.......#.# #>#
########.#.#.# #.#
....<....#.#.# #.#
##########.#.###.#
#.....#.#
#..#...@###
....#.......###
......#..o.o...#
#####......o..#.#
##.#.....o# .#
#.#.........
#.###.##.##.# #.
##( .# # #...


You could see 2 orc wizards and 2 orcs.

Vanquished Creatures
  A crimson imp (D:2)
  5 adders
  3 worms (D:2)
  A dart slug (D:1)
  A leopard gecko (D:1)
  An orc (D:3)
  4 bats
  2 giant cockroaches (D:1)
  5 goblins
  4 hobgoblins
  5 kobolds
  5 frilled lizards (D:2)
  7 rats (D:2)
44 creatures vanquished.

Notes
Turn   | Place    | Note
-------+----------+-------------------------------------------
     0 | D:1      | Borgoz the Ghoul Monk began the quest for the Orb.
     0 | D:1      | Reached XP level 1. HP: 19/19 MP: 0/0
    92 | D:1      | Reached XP level 2. HP: 26/26 MP: 1/1
   524 | D:1      | Reached XP level 3. HP: 30/32 MP: 2/2
   774 | D:2      | Reached XP level 4. HP: 3/40 MP: 3/3
   868 | D:2      | Found a bloodstained altar of Trog.
  1166 | D:2      | Reached XP level 5. HP: 36/47 MP: 4/4
  1223 | D:2      | Found a burning altar of Makhleb.
  1224 | D:2      | Found a shimmering altar of Xom.
  1381 | D:3      | Killed from afar by an orc wizard

Skill      XL: |  1  2  3 |
---------------+----------+-----
Dodging        | 3 |  3.7
Fighting       | 4 |  4.5
Unarmed Combat | 4 |  4.4
Stealth        | |  2.1

Action                   |  1- 3 |  4- 6 || total
-------------------------+-------+-------++-------
Melee: Unarmed           |    86 |    63 ||   149
       Punch             |     1 |       ||     1
 Stab: Sleeping          |     3 |     1 ||     4
  Eat: Chunk             |     8 |     2 ||    10
Armor: Robe              |    11 |     6 ||    17
Dodge: Dodged            |    65 |    37 ||   102
